 Dungeon Crawl Stone Soup version 0.17.0-28-g6e173f8 (webtiles) character file.

60 plasmid the Changer (level 3, 0/29 HPs)
             Began as a Draconian Transmuter on Nov 30, 2015.
             Slain by Terence
             ... wielding a +0 falchion
              (4 damage)
             ... on level 2 of the Dungeon.
             The game lasted 00:20:35 (1428 turns).

plasmid the Changer (Draconian Transmuter)          Turns: 1428, Time: 00:20:36

Health: 0/29       AC:  5    Str: 12    XL:     3   Next: 82%
Magic:  6/6        EV: 12    Int: 14    God:
Gold:   67         SH:  0    Dex: 11    Spells: 1 memorised, 5 levels left

rFire  . . .     SeeInvis .     f - +1 dagger (speed)
rCold  . . .     Clarity  .     (armour unavailable)
rNeg   . . .     SustAt   .     (no shield)
rPois  .         Gourm    .     (helmet restricted)
rElec  .         Spirit   .     (no cloak)
rCorr  .         Warding  .     (no gloves)
rMut   .         Stasis   .     (no boots)
MR     .....                    (no amulet)
Stlth  +.........               (no ring)
                                (no ring)

@: appendage (expiring), not resistant to hostile enchantments, very unstealthy
A: unfitting armour, horns 2, cold-blooded, AC +5
a: End Transformation


You were on level 2 of the Dungeon.
You were not hungry.
You had grown temporary horns.
You visited 1 branch of the dungeon, and saw 2 of its levels.

You collected 67 gold pieces.

Inventory:

Hand Weapons
 d - a +0 club
 e - a cursed -2 short sword
 f - a +1 dagger of speed (weapon)
 g - a +0 club
 i - a +0 club
 j - a +0 club
 k - a +0 club
 l - a +0 club
 m - a +0 dagger
 n - a +0 club
 o - a +0 short sword
 r - a +0 club
 s - a +0 whip
 u - a +0 short sword
 v - a +0 club
 w - a +0 club
 x - a +0 club
Missiles
 a - 33 arrows (quivered)
 q - 5 stones
 y - 23 bolts
Books
 b - a book of Changes

   Spells                             Type                      Level
   a - Beastly Appendage              Transmutation                1
   b - Sticks to Snakes               Transmutation                2
   c - Spider Form                    Transmutation/Poison         3
   d - Ice Form                       Ice/Transmutation            4
   e - Blade Hands                    Transmutation                5
Comestibles
 c - a bread ration
 p - 3 inedible chunks of flesh


   Skills:
 + Level 2.2 Fighting
 - Level 2.0 Dodging
 - Level 3.0 Unarmed Combat
 + Level 2.1 Spellcasting
 * Level 3.3 Transmutations


You had 5 spell levels left.
You knew the following spells:

 Your Spells              Type           Power        Failure   Level  Hunger
a - Beastly Appendage     Trmt           ##....       10%         1    #......


Dungeon Overview and Level Annotations

Branches:
Dungeon (2/15)

Altars:
Gozag
Yredelemnul

Annotations:
D:2 Terence


Innate Abilities, Weirdness & Mutations

Your plain brown scales are hard (AC +5).
Your body does not fit into most forms of armour.
You are cold-blooded and may be slowed by cold attacks.
You have a pair of horns on your head.


Message History

Read which item? (? for menu, Esc to quit)
As you read the scroll labeled COCWIJUYN OFAU, it crumbles to dust.
You assume a fearsome visage.
Terence looks frightened!
It was a scroll of fear.
You hit Terence.
Your attack snaps Terence out of his fear.
Your tail-slap misses Terence.
Terence is moderately wounded.
Terence closely misses you.
You hit Terence. Your headbutt misses Terence.
Terence is heavily wounded.
Terence closely misses you.
You hit Terence but do no damage.
Terence is heavily wounded.
You barely miss Terence. Your headbutt misses Terence.
You tail-slap Terence, but do no damage.
You punch Terence, but do no damage.
Terence is heavily wounded.
Terence hits you with a falchion.
You die...

#########
#.......#
#.......#
#.......#
#.......++#####
#...[.§.......#
#.....§§§.....#
#.....§§@@....#
#.....§§§.....#
#.......#######
#.......#
#.......#
#########


You could see Terence.

Vanquished Creatures
  An adder (D:1)
  2 oozes (D:1)
  4 goblins (D:1)
  9 hobgoblins (D:1)
  4 jackals (D:1)
  8 kobolds (D:1)
  5 bats (D:1)
  A giant newt (D:1)
  6 rats (D:1)
40 creatures vanquished.

Notes
Turn   | Place    | Note
--------------------------------------------------------------
     0 | D:1      | plasmid the Draconian Transmuter began the quest for the Orb.
     0 | D:1      | Reached XP level 1. HP: 16/16 MP: 3/3
   238 | D:1      | Reached XP level 2. HP: 11/23 MP: 3/5
   545 | D:1      | Reached XP level 3. HP: 19/29 MP: 4/6
  1230 | D:2      | Found an opulent altar of Gozag.
  1230 | D:2      | Found a basalt altar of Yredelemnul.
  1233 | D:2      | Noticed Terence
  1428 | D:2      | Slain by Terence

Action                   || total
-------------------------++-------
Melee: Unarmed           ||    18
       Dagger            ||   119
       Club              ||    26
Throw: Stone             ||     3
 Cast: Beastly Appendage ||    16
  Use: Scroll            ||     3
       Potion            ||     1
  Eat: Chunk             ||     2
